 Dungeon Crawl Stone Soup version 0.31-a0-986-g5e6e4ef867 (webtiles) character file.

Game seed: 14448934206894902099

80 Pooter the Chopper (level 4, -4/40 HPs)
             Began as a Minotaur Monk on Nov 17, 2023.
             Slain by a gnoll
             ... wielding a +0 flail
              (7 damage)
             ... on level 3 of the Dungeon.
             The game lasted 00:08:03 (1782 turns).

Pooter the Chopper (Minotaur Monk)                  Turns: 1782, Time: 00:08:03

Health: -4/40      AC:  2    Str: 18    XL:     4   Next: 18%
Magic:  3/3        EV: 12    Int:  7    God:
Gold:   112        SH:  0    Dex: 12    Spells: 3/3 levels left

rFire   . . .        a - +0 hand axe
rCold   . . .        d - orb {light}
rNeg    . . .        h - +0 robe
rPois   .            (helmet restricted)
rElec   .            (no cloak)
rCorr   .            (no gloves)
SInv    .            (no boots)
Will    .....        (no amulet)
Stlth   +            (no ring)
HPRegen 0.26/turn    (no ring)
MPRegen 0.08/turn

%: no passive effects
@: glowing
A: horns 2, retaliatory headbutt
a: no special abilities


You were on level 3 of the Dungeon.
You visited 1 branch of the dungeon, and saw 3 of its levels.

You collected 112 gold pieces.

Inventory:

Hand Weapons
 a - a +0 hand axe (weapon)
 b - a +0 sling
   (You found it on level 1 of the Dungeon)
Missiles
 k - 3 poisoned darts
 Q - 10 stones (quivered)
Armour
 d - an orb of light (worn)
 h - a +0 robe (worn)
Wands
 o - a wand of roots (5)
   (You found it on level 2 of the Dungeon)
 r - a wand of charming (8)
   (You found it on level 3 of the Dungeon)
Scrolls
 e - a scroll of enchant armour {unknown}
 f - 3 scrolls of fog
 j - a scroll of identify {unknown}
 l - a scroll of torment {unknown}
 p - a scroll of poison {unknown}
 q - a scroll of immolation {unknown}
 t - a scroll of teleportation {@r4}
Potions
 c - 2 potions of ambrosia
 g - 2 potions of haste {unknown}
 i - 2 potions of heal wounds {unknown}
 m - a potion of brilliance {unknown}
 n - a potion of enlightenment {unknown}


   Skills:
 + Level 4.2 Fighting
 * Level 4.8 Axes
 * Level 2.3 Ranged Weapons
 - Level 3.2 Dodging


You had 3 spell levels left.
You didn't know any spells.
Your spell library was empty.

Dungeon Overview and Level Annotations

Branches:
Dungeon (3/15) Zot: 16196

Altars:
Nemelex Xobeh


Innate Abilities, Weirdness & Mutations

You have a pair of horns on your head.
You reflexively headbutt those who attack you in melee.


Message History

Unknown command.
Unknown command.
Unknown command.
Found a worn bronze wand.
r - a wand of charming (8)
Found a robe.
Found a stone staircase leading up.
An orc comes into view. It is wielding a +0 short sword.
The orc shouts!
You shoot a sling bullet. The sling bullet hits the orc.
You shoot a sling bullet. The sling bullet hits the orc.
You kill the orc!
Found a scroll labelled TYGEBUXK BAHE.
Found 6 stones.
A gnoll comes into view. It is wielding a +0 club.
The gnoll shouts!
You hear a shout!
You see here a scroll labelled TYGEBUXK BAHE.
You shoot a sling bullet.
The sling bullet barely misses the gnoll.
You shoot a sling bullet.
The sling bullet barely misses the gnoll.
A gnoll comes into view. It is wielding a +0 flail.
You shoot a sling bullet. The sling bullet hits the gnoll.
A gnoll comes into view. It is wielding a +0 spear.
a - a +0 hand axe (weapon)
The gnoll shouts!
The gnoll barely misses you.
You barely miss the gnoll. The gnoll barely misses you.
You furiously retaliate!
You headbutt the gnoll.
A giant cockroach comes into view.
You hit the gnoll. You headbutt the gnoll. The gnoll hits you with a +0 club.
Sorry, you're not good enough to have a special ability.
You hit the gnoll.
You kill the gnoll!
You hit the gnoll but do no damage. The gnoll hits you with a +0 flail.
The gnoll hits you with a +0 flail!
The gnoll hits you from afar with a +0 spear!
* * * LOW HITPOINT WARNING * * *
The gnoll hits you with a +0 spear.
* * * LOW HITPOINT WARNING * * *
The gnoll closely misses you.
You see here a +0 club.
You hit the gnoll. You headbutt the gnoll! You hit the gnoll.
The gnoll barely misses you. The gnoll hits you with a +0 flail.
* * * LOW HITPOINT WARNING * * *
You hit the gnoll.
You kill the gnoll!
You hit the gnoll. The giant cockroach closely misses you.
The gnoll hits you with a +0 flail!
You die...

#...# #...# #...# ####
#####...##### .....
###...........####..[..
............)..........
#.(..?......#........
#####...#####.##...<.
#@g.# #.#...#.# #B#.#
#.#...#.# #...#
#.#...#.# ##.##
#.##.##.## #.#
#.......## ...
####.##### .. #.#####
... #...... #######


You could see a gnoll and a giant cockroach.

Vanquished Creatures
  2 adders (D:2)
  2 gnolls (D:3)
  An orc (D:3)
  4 ball pythons
  7 endoplasms
  A giant cockroach (D:2)
  5 goblins
  8 hobgoblins
  2 quokkas (D:1)
  7 bats
  A frilled lizard (D:1)
  3 kobolds (D:1)
  4 rats (D:1)
47 creatures vanquished.

Notes
Turn   | Place    | Note
-------+----------+-------------------------------------------
     0 | D:1      | Pooter the Minotaur Monk began the quest for the Orb.
     0 | D:1      | Reached XP level 1. HP: 19/19 MP: 0/0
   318 | D:1      | Reached XP level 2. HP: 27/27 MP: 1/1
   393 | D:1      | Reached skill level 1 in Ranged Weapons
   712 | D:1      | Reached XP level 3. HP: 33/33 MP: 2/2
  1454 | D:2      | Found a sparkling altar of Nemelex Xobeh.
  1522 | D:2      | Reached XP level 4. HP: 40/40 MP: 3/3
  1782 | D:3      | Slain by a gnoll

Illustrated notes

Levels and vault maps discovered:
D:1:      beargit_arrival_diablo_church, layout_loops_corners
D:2:      layout_basic, basic_altar
D:3:      layout_loops_cross, jmf_multi_god_temple2

Skill      XL: |  1  2  3 |
---------------+----------+-----
Axes           | 4 |  4.8
Ranged Weapons | 1 2 |  2.3
Fighting       | 4 |  4.2
Dodging        | |  3.2

Action                     |  1- 3 |  4- 6 || total
---------------------------+-------+-------++-------
  Melee: Hand axe          |    29 |     5 ||    34
         Headbutt          |     4 |     2 ||     6
   Fire: Sling             |    75 |     5 ||    80
    Use: Scroll            |     2 |       ||     2
 Armour: Robe              |    27 |     7 ||    34
  Dodge: Dodged            |    36 |     5 ||    41

Table legend: (Time is in decaauts)
 A = Elapsed time spent in this place.
 B = Non-inter-level travel time spent in this place.
 C = Inter-level travel time spent in this place.
 D = Time resting spent in this place.
 E = Time spent auto-exploring this place.
 F = Levels seen in this place.
 G = Mean time per level.
                   A        B        C        D        E       F      G
               +--------+--------+--------+--------+--------+-----+--------+
         Total |   1802 |   1772 |     30 |     43 |   1439 |   3 |  600.7 |
       Dungeon |   1802 |   1772 |     30 |     43 |   1439 |   3 |  600.7 |
               +--------+--------+--------+--------+--------+-----+--------+

Top non-repeatable levels by time:
     D:1: 1065 daAuts
     D:2: 683 daAuts
     D:3: 53 daAuts
